[Event "IIFL Wealth  4th Mumbai Junior U-13"]
[Site "Mumbai"]
[Date "2019.01.01"]
[Round "3"]
[White "Manish Anto Cristiano F"]
[Black "Nehete Arnav"]
[Result "1-0"]
[ECO "E09"]
[WhiteElo "2065"]
[BlackElo "1544"]
[Annotator "NA"]
[PlyCount "27"]
[EventDate "2018.12.30"]
[EventType "swiss"]
[EventCountry "IND"]
[SourceTitle "playchess.com"]
[Source "ChessBase"]
[SourceQuality "1"]
[TimeControl "40/5400+30:1800+30"]

1. Nf3 Nf6 2. g3 d5 3. Bg2 c6 4. O-O Nbd7 5. d4 e6 6. c4 Be7 7. Nbd2 O-O 8. Qc2 b6 9. e4 Bb7 10. e5 Ne8 11. cxd5 cxd5 12. Nb1 $14 Rc8 13. Qd3 Nc7 14. Re1 1-0

[Event "IIFL Wealth  4th Mumbai Junior U-13"]
[Site "Mumbai"]
[Date "2019.01.01"]
[Round "3"]
[White "Shah Jeet"]
[Black "Marium Fatima"]
[Result "1-0"]
[ECO "C14"]
[WhiteElo "1904"]
[BlackElo "1494"]
[Annotator "NA RC"]
[PlyCount "101"]
[EventDate "2018.12.30"]
[EventType "swiss"]
[EventCountry "IND"]
[SourceTitle "playchess.com"]
[Source "ChessBase"]
[SourceQuality "1"]
[TimeControl "40/5400+30:1800+30"]

1. e4 e6 2. d4 d5 3. Nc3 Nf6 4. Bg5 Be7 5. e5 Nfd7 6. Bxe7 Qxe7 7. f4 O-O 8. Nf3 a6 9. Bd3 {[%emt 0:01:36] C14: French: Classical System: 4 Bg5 Be7 main line} h6 10. O-O c5 11. Qe1 cxd4 12. Nxd4 Qb4 $146 ({Predecessor:} 12... Nc6 13. Qe3 Nxd4 14. Qxd4 Qc5 15. Ne2 Qxd4+ 16. Nxd4 Nc5 {½-½ (27) Korchut,A (2061)-Machado,M (2064) ICCF email 2012}) 13. Qe3 Nc5 14. f5 Nc6 15. Nxc6 bxc6 16. f6 g5 $2 (16... Nxd3 17. fxg7 (17. cxd3 d4 $16) 17... Kxg7) 17. Qh3 Qh4 18. Qxh4 gxh4 19. Rf4 Nxd3 20. cxd3 Kh7 21. Rxh4 Rg8 22. Rf1 Bb7 $2 (22... Rg5 23. Rf3 h5) 23. Rf3 Rg6 24. Rfh3 Rh8 25. Ne2 Kg8 26. Rb4 Bc8 27. Rb8 Kh7 28. Nd4 c5 29. Nc6 Rgg8 30. Ne7 Re8 31. Rg3 Rhf8 32. Rg7+ ({Not} 32. Nxc8 h5 $18) ({Weaker is} 32. Rxc8 Rxc8 33. Nxc8 Rxc8 $18) 32... Kh8 33. Nxc8 Rxc8 34. Rxc8 Rxc8 35. Rxf7 c4 36. dxc4 dxc4 37. Re7 Kg8 38. Rxe6 Kf7 39. Rxa6 Re8 40. Ra7+ Kf8 {[%emt 0:00:00] [#]} 41. Re7 $1 Rb8 42. Rh7 Rb6 $18 43. Rxh6 Kf7 44. Rh7+ Kf8 45. g4 Re6 46. Re7 Rb6 47. e6 Rxb2 48. Rh7 Kg8 49. e7 Rb8 50. f7+ Kxh7 51. e8=Q 1-0

[Event "IIFL Wealth  4th Mumbai Junior U-13"]
[Site "Mumbai"]
[Date "2019.01.01"]
[Round "3"]
[White "Jain Kashish Manoj"]
[Black "Balkawade Sai"]
[Result "1-0"]
[ECO "A07"]
[WhiteElo "1853"]
[BlackElo "1482"]
[Annotator "NA RC"]
[PlyCount "79"]
[EventDate "2018.12.30"]
[EventType "swiss"]
[EventCountry "IND"]
[SourceTitle "playchess.com"]
[Source "ChessBase"]
[SourceQuality "1"]
[TimeControl "40/5400+30:1800+30"]

1. Nf3 Nf6 2. g3 d5 3. Bg2 c6 4. O-O Bg4 5. d3 Nbd7 6. Nbd2 e5 7. e4 Bd6 8. h3 Bh5 9. Qe1 dxe4 {[%emt 0:07:49] A07: Réti Opening: New York and Capablanca Systems} (9... O-O 10. Nh4 Re8 11. a4 Nc5 12. a5 a6 13. Kh1 Ne6 14. Nb3 Qc7 15. Be3 Bf8 16. f4 c5 17. fxe5 Qxe5 18. Rf5 Qxb2 19. e5 Bg6 20. exf6 Bxf5 21. Nxf5 Qxf6 22. Qf2 Qd8 23. Rf1 Qd7 24. Nxc5 Bd6 25. Nxd7 {1-0 (25) Le,Q (2715)-Dreev,A (2649) chess.com INT 2018}) 10. dxe4 O-O 11. Nh4 {[%emt 0:04:55] LiveBook: 10 Games} Bg6 12. a4 $146 ({Predecessor:} 12. Nc4 Be7 13. Qe2 b5 14. Nd2 a5 15. Nf5 Bxf5 16. exf5 Rc8 17. a4 Qb6 18. Nb3 bxa4 19. Rxa4 {1-0 (41) Habibi,A (2305)-Roos,C (2180) Budapest 1993}) 12... Qe7 13. Qe2 Rfd8 14. Nc4 Nc5 15. b4 Ne6 16. c3 Bc7 17. Nxg6 hxg6 18. Be3 b5 19. axb5 cxb5 20. Na5 Bxa5 21. Rxa5 a6 22. Rfa1 Qc7 23. Rc1 ({Much worse is} 23. Rxa6 Rxa6 24. Rxa6 Qxc3 $11) 23... Rd6 24. c4 Rc6 (24... Nd4 $16 25. Qa2 bxc4) 25. c5 Rd8 26. Rd1 $2 (26. Rca1 $18) 26... Kf8 $2 (26... Rxd1+ $1 $15 {stays ahead.} 27. Qxd1 Nxc5) 27. Ra2 Rxd1+ 28. Qxd1 Qc8 29. f3 Ke7 (29... g5 $142 30. Qa1 Nd7) 30. h4 Qc7 31. Bh3 Qc8 32. Rd2 Qc7 33. Kg2 a5 34. Bxe6 Rxe6 35. bxa5 Qxa5 36. Rd6 Qc7 {[%emt 0:00:27] [#]} 37. Rb6 $18 Rxb6 38. cxb6 Qc6 39. Qa1 Qb7 40. Qa7 1-0

[Event "IIFL Wealth  4th Mumbai Junior U-13"]
[Site "Mumbai"]
[Date "2019.01.01"]
[Round "3"]
[White "Aditya Varun Gampa"]
[Black "Jain, Kushagra"]
[Result "1-0"]
[ECO "B09"]
[WhiteElo "1809"]
[BlackElo "1323"]
[Annotator "NA RC"]
[PlyCount "68"]
[EventDate "2018.12.30"]
[EventType "swiss"]
[EventCountry "IND"]
[SourceTitle "playchess.com"]
[Source "ChessBase"]
[SourceQuality "1"]
[TimeControl "40/5400+30:1800+30"]

1. e4 d6 2. d4 Nf6 3. Nc3 g6 4. f4 Bg7 5. Nf3 c5 6. dxc5 Qa5 7. Bd3 Qxc5 8. Qe2 O-O 9. Be3 Qa5 10. O-O Bg4 11. h3 {[%emt 0:02:08] LiveBook: 92 Games} Bxf3 12. Rxf3 Nc6 13. Raf1 {[%emt 0:01:05] B09: Pirc Defence: Austrian Attack} (13. Rd1 Nd7 14. Bc4 Nc5 15. Bf2 Rac8 16. Kh1 a6 17. e5 b5 18. Bd5 b4 19. Ne4 Nxe4 20. Qxe4 Qc7 {1-0 (29) Sazon,A (2130)-Conterno,D (2148) ICCF email 2011}) 13... Nd7 14. Rg3 $146 ({Predecessor:} 14. Qd2 Nc5 15. a3 Nxd3 16. cxd3 Nd4 17. R3f2 f5 18. Nd5 Qxd2 19. Bxd2 e6 20. Ne3 Nb3 {0-1 (56) Buenafe Moya,J-Lloret,J Spain 1992}) 14... Bxc3 15. bxc3 Qxc3 16. h4 Kh8 17. h5 Nf6 18. Rh3 (18. hxg6 $11 fxg6 19. Rh3) 18... gxh5 $2 (18... Nxh5 $11 19. g4 Nf6) 19. e5 dxe5 20. fxe5 Nd4 $18 21. Qf2 Ng4 22. Bxd4 Nxf2 23. Bxc3 Nxh3+ 24. gxh3 e6 25. Bb4 Rg8+ 26. Kh2 Rg7 27. Be7 Kg8 28. Bf6 Rg6 29. Bxg6 hxg6 30. Rd1 Kh7 31. Rd8 Rxd8 32. Bxd8 Kg7 33. Bf6+ Kf8 34. Kg3 Ke8 1-0

[Event "IIFL Wealth  4th Mumbai Junior U-13"]
[Site "Mumbai"]
[Date "2019.01.01"]
[Round "3"]
[White "Ayush Sharma"]
[Black "Sushanth Kamabathula"]
[Result "1-0"]
[ECO "C87"]
[WhiteElo "1778"]
[BlackElo "1267"]
[Annotator "NA RC"]
[PlyCount "71"]
[EventDate "2018.12.30"]
[EventType "swiss"]
[EventCountry "IND"]
[SourceTitle "playchess.com"]
[Source "ChessBase"]
[SourceQuality "1"]
[TimeControl "40/5400+30:1800+30"]

1. e4 e5 2. Nf3 Nc6 3. Bb5 a6 4. Ba4 Nf6 5. O-O Be7 6. Re1 d6 7. c3 b5 8. Bb3 Bg4 9. h3 Bh5 10. d3 O-O 11. Nbd2 Na5 12. Bc2 c5 13. Nf1 Nc6 14. Ng3 Bg6 15. Nf5 Bxf5 16. exf5 Qc7 17. g4 Rfd8 18. g5 Nd7 19. g6 d5 20. d4 e4 21. gxf7+ Kf8 22. Ng5 Bxg5 23. Bxg5 Ne7 24. Qh5 h6 25. Bh4 Qf4 26. f3 Qd2 27. fxe4 cxd4 28. Re2 Qf4 29. Rf1 Qd6 30. e5 Qb6 31. f6 d3+ 32. Kh1 gxf6 33. Qxh6+ Kxf7 34. e6+ Ke8 35. Qh5+ Kf8 36. Qf7# 1-0

[Event "IIFL Wealth  4th Mumbai Junior U-13"]
[Site "Mumbai"]
[Date "2019.01.01"]
[Round "3"]
[White "Bagwe Gaurang"]
[Black "Rout Yashita"]
[Result "1-0"]
[ECO "C77"]
[WhiteElo "1768"]
[BlackElo "1264"]
[Annotator "NA RC"]
[PlyCount "71"]
[EventDate "2018.12.30"]
[EventType "swiss"]
[EventCountry "IND"]
[SourceTitle "playchess.com"]
[Source "ChessBase"]
[SourceQuality "1"]
[TimeControl "40/5400+30:1800+30"]

1. e4 e5 2. Nf3 Nc6 3. Bb5 a6 4. Ba4 Nf6 5. d3 b5 6. Bb3 Be7 7. c3 d6 8. Nbd2 O-O 9. Nf1 Bb7 10. Ng3 Qd7 11. Nf5 Bd8 12. O-O Ne7 13. N3h4 Nxf5 14. Nxf5 Re8 15. Qf3 Kh8 16. Qg3 Rg8 17. f4 exf4 18. Bxf4 d5 19. Rad1 Nh5 20. Qh3 Nxf4 21. Rxf4 Qe6 22. exd5 Bxd5 23. c4 Qb6+ 24. Kh1 Be6 25. c5 Qxc5 26. d4 Qb6 27. d5 Bxf5 28. Rxf5 Qg6 29. d6 Rf8 30. Bc2 Bf6 31. dxc7 Rac8 32. Rf2 Qh6 33. Qxh6 gxh6 34. Rxf6 Kg7 35. Rc6 f6 36. Bf5 1-0

[Event "IIFL Wealth  4th Mumbai Junior U-13"]
[Site "Mumbai"]
[Date "2019.01.01"]
[Round "3"]
[White "Bhagyashree Patil"]
[Black "Ananya Parikh"]
[Result "1-0"]
[ECO "B41"]
[WhiteElo "1758"]
[BlackElo "1235"]
[Annotator "NA RC"]
[PlyCount "61"]
[EventDate "2018.12.30"]
[EventType "swiss"]
[EventCountry "IND"]
[SourceTitle "playchess.com"]
[Source "ChessBase"]
[SourceQuality "1"]
[TimeControl "40/5400+30:1800+30"]

1. e4 c5 2. Nf3 e6 3. d4 cxd4 4. Nxd4 a6 5. Be3 Nf6 6. Bd3 Qc7 7. O-O Bc5 8. Nd2 d6 9. Qe2 Nc6 10. Nxc6 Bxe3 11. Qxe3 bxc6 12. b4 Rb8 13. Rfb1 e5 14. a4 Qb6 15. Qg3 O-O 16. c4 Bd7 17. b5 cxb5 18. cxb5 axb5 19. axb5 Qc5 20. Qe3 Qxe3 21. fxe3 Rfc8 22. b6 Bc6 23. Ra7 Bb7 24. Kf2 Rc6 25. Nc4 Rxc4 26. Bxc4 Nxe4+ 27. Kg1 Nd2 28. Rc1 Be4 29. Bxf7+ Kh8 30. b7 Bxb7 31. Rxb7 1-0

[Event "IIFL Wealth  4th Mumbai Junior U-13"]
[Site "Mumbai"]
[Date "2019.01.01"]
[Round "3"]
[White "Sadbhav Rautela"]
[Black "Sawalakhe Jay"]
[Result "1-0"]
[ECO "B01"]
[WhiteElo "1746"]
[BlackElo "1273"]
[Annotator "NA RC"]
[PlyCount "131"]
[EventDate "2018.12.30"]
[EventType "swiss"]
[EventCountry "IND"]
[SourceTitle "playchess.com"]
[Source "ChessBase"]
[SourceQuality "1"]
[TimeControl "40/5400+30:1800+30"]

1. e4 d5 2. exd5 Nf6 3. d4 Bg4 4. Bb5+ c6 5. dxc6 Qa5+ 6. Nc3 bxc6 7. Be2 Bf5 8. Nf3 e6 9. O-O Bd6 10. h3 O-O 11. Bd3 Bg6 12. Bxg6 hxg6 13. Re1 Rd8 14. Bd2 Qc7 15. Ne4 Nxe4 16. Rxe4 Nd7 17. c3 Nf8 18. Qc2 f5 19. Ree1 Be7 20. Bg5 Bf6 21. Bxf6 gxf6 22. Rad1 Kf7 23. Qe2 Qe7 24. Qc4 Rac8 25. Kf1 g5 26. Qe2 Ng6 27. g3 Rh8 28. Kg2 Rh6 29. Qa6 Qd7 30. Qc4 Rch8 31. Rh1 Ne7 32. Nd2 Nd5 33. Nb3 f4 34. Nc5 Qd6 35. Qe2 fxg3 36. fxg3 f5 37. c4 Nb6 38. b3 Rf6 39. Qe5 Qe7 40. Rhf1 Rg8 41. Na6 Rc8 42. Nc5 Rg8 43. Na6 Rc8 44. Nc5 Rg8 45. Ne4 Nd7 46. Nxf6 Nxe5 47. Nxg8 Kxg8 48. dxe5 Qc5 49. Rfe1 Qa5 50. Re2 Kf7 51. Rd7+ Kg6 52. Rd6 Qc3 53. Rxe6+ Kh5 54. Rd6 g4 55. hxg4+ fxg4 56. Rf6 Qd3 57. Rff2 Qd7 58. e6 Qe7 59. Rf7 Qe8 60. e7 c5 61. Rf8 Qc6+ 62. Kh2 Qh6 63. e8=Q+ Kg5+ 64. Kg1 Qh3 65. Rg8+ Kh6 66. Qg6# 1-0

[Event "IIFL Wealth  4th Mumbai Junior U-13"]
[Site "Mumbai"]
[Date "2019.01.01"]
[Round "3"]
[White "Mayank Chakraborty"]
[Black "Vasudeva Varun"]
[Result "1-0"]
[ECO "B51"]
[WhiteElo "1691"]
[BlackElo "1209"]
[Annotator "NA RC"]
[PlyCount "115"]
[EventDate "2018.12.30"]
[EventType "swiss"]
[EventCountry "IND"]
[SourceTitle "playchess.com"]
[Source "ChessBase"]
[SourceQuality "1"]
[TimeControl "40/5400+30:1800+30"]

1. e4 c5 2. Nf3 d6 3. Bb5+ Nd7 4. d4 cxd4 5. Qxd4 Ngf6 6. c4 a6 7. Bxd7+ Bxd7 8. Nc3 g6 9. Bg5 Bg7 10. O-O O-O 11. Qd3 Bc6 12. Nd4 h6 13. Bd2 Nd7 14. Nxc6 bxc6 15. Qh3 Kh7 16. b3 Nc5 17. Rae1 Qc8 18. Qh4 Qe6 19. Kh1 Qf6 20. Qxf6 Bxf6 21. f3 Rad8 22. Rd1 e5 23. Be3 Ne6 24. Ne2 Bg5 25. Bxg5 Nxg5 26. Rd2 f5 27. exf5 gxf5 28. Rfd1 Rf6 29. h4 Nf7 30. Nc3 Kg7 31. Na4 e4 32. fxe4 fxe4 33. Rd4 Re6 34. Re1 e3 35. Rd3 Rde8 36. Nc3 h5 37. Nd1 Nh6 38. Rdxe3 Rxe3 39. Rxe3 Rf8 40. Kg1 Nf5 41. Rd3 Re8 42. Kf2 Kg6 43. Ne3 Re6 44. Nxf5 Kxf5 45. Kf3 Rf6 46. Re3 Re6 47. Rxe6 Kxe6 48. Ke4 Kf6 49. b4 c5 50. bxc5 dxc5 51. Kd5 Kf5 52. Kxc5 Kg4 53. Kd4 Kxh4 54. c5 Kg3 55. c6 Kxg2 56. c7 h4 57. c8=Q h3 58. Qg4+ 1-0

[Event "IIFL Wealth  4th Mumbai Junior U-13"]
[Site "Mumbai"]
[Date "2019.01.01"]
[Round "3"]
[White "Bang Atharva"]
[Black "Tikam Aradhya"]
[Result "1-0"]
[ECO "A05"]
[WhiteElo "1582"]
[BlackElo "1332"]
[Annotator "NA RC"]
[PlyCount "83"]
[EventDate "2018.12.30"]
[EventType "swiss"]
[EventCountry "IND"]
[SourceTitle "playchess.com"]
[Source "ChessBase"]
[SourceQuality "1"]
[TimeControl "40/5400+30:1800+30"]

1. Nf3 Nf6 2. e3 e6 3. b3 b6 4. Bb2 Bb7 5. d4 d5 6. Bd3 c5 7. Nbd2 Nc6 8. O-O Rc8 9. a3 Na5 10. Ne5 Nd7 11. Qe2 Qc7 12. Bb5 Nc6 13. f4 Be7 14. Ndf3 f6 15. Nxd7 Qxd7 16. Nh4 g6 17. Nf3 Ra8 18. Rad1 a6 19. Bd3 O-O 20. dxc5 bxc5 21. c4 Qe8 22. f5 exf5 23. cxd5 Nb8 24. d6 Bd8 25. Bc4+ Kg7 26. d7 Nxd7 27. Ng5 Kh8 28. Ne6 Nb6 29. Nxf8 Nxc4 30. Qxc4 Qxf8 31. Qe6 Be7 32. Rd7 Bc8 33. Qxe7 Bxd7 34. Bxf6+ Kg8 35. Qxd7 Rb8 36. Qd5+ Qf7 37. Qxf7+ Kxf7 38. Bg5 Rxb3 39. Rc1 Rb5 40. a4 Ra5 41. Rc4 Ke8 42. Bf6 1-0

[Event "IIFL Wealth  4th Mumbai Junior U-13"]
[Site "Mumbai"]
[Date "2019.01.01"]
[Round "3"]
[White "Laddha, Shubh Jayesh"]
[Black "Keshav Padmanabhan"]
[Result "1-0"]
[ECO "C96"]
[WhiteElo "1567"]
[BlackElo "1272"]
[Annotator "NA RC"]
[PlyCount "89"]
[EventDate "2018.12.30"]
[EventType "swiss"]
[EventCountry "IND"]
[SourceTitle "playchess.com"]
[Source "ChessBase"]
[SourceQuality "1"]
[TimeControl "40/5400+30:1800+30"]

1. e4 e5 2. Nf3 Nc6 3. Bb5 a6 4. Ba4 b5 5. Bb3 Nf6 6. O-O Be7 7. Re1 d6 8. c3 Na5 9. Bc2 c5 10. h3 O-O 11. d4 Nc6 12. Nbd2 cxd4 13. cxd4 Re8 14. d5 Nb8 15. Nf1 Bf8 16. Ng3 g6 17. Be3 Nbd7 18. Bd3 b4 19. Qd2 a5 20. b3 Bb7 21. Rac1 Rc8 22. Qe2 Rxc1 23. Rxc1 Qa8 24. Nd2 Rc8 25. Nc4 Ba6 26. Nxe5 dxe5 27. Bxa6 Rxc1+ 28. Bxc1 Nc5 29. Bc4 a4 30. f3 h5 31. Nf1 axb3 32. axb3 Ne8 33. Qc2 Nd6 34. Be3 Qa5 35. Qf2 Nxc4 36. bxc4 b3 37. Qb2 Qa2 38. Qxe5 b2 39. Bd4 f6 40. Qxf6 Qa7 41. Qh8+ Kf7 42. Qh7+ Ke8 43. Qxa7 b1=Q 44. Bxc5 Bxc5+ 45. Qxc5 1-0

[Event "IIFL Wealth  4th Mumbai Junior U-13"]
[Site "Mumbai"]
[Date "2019.01.01"]
[Round "3"]
[White "Sarvade Mihiir"]
[Black "Kinkhabwala Hrithik"]
[Result "1-0"]
[ECO "D35"]
[WhiteElo "1563"]
[BlackElo "1244"]
[Annotator "NA"]
[PlyCount "133"]
[EventDate "2018.12.30"]
[EventType "swiss"]
[EventCountry "IND"]
[SourceTitle "playchess.com"]
[Source "ChessBase"]
[SourceQuality "1"]
[TimeControl "40/5400+30:1800+30"]

1. d4 d5 2. c4 e6 3. Nc3 Nf6 4. cxd5 exd5 5. Bg5 Be7 6. e3 O-O 7. Bd3 h6 8. Bh4 b6 9. Nf3 Bb7 10. O-O Ne4 11. Bxe7 Qxe7 12. Qc2 Nd7 13. Nxe4 dxe4 14. Qxc7 Bd5 15. Ne5 exd3 16. Qxd7 Qxd7 17. Nxd7 Rfc8 18. Ne5 d2 19. Rfd1 Rc2 20. Kf1 Rac8 21. Nd3 a5 22. Ke2 Bxg2 23. Rxd2 Bf3+ 24. Ke1 f6 25. b3 Kf7 26. Rb1 Kg6 27. Rxc2 Rxc2 28. Rb2 Rxb2 29. Nxb2 b5 30. Nd1 Kh5 31. Nc3 Bc6 32. d5 Bd7 33. Ne4 Kg4 34. Nc5 Bc8 35. d6 Kh3 36. d7 Bxd7 37. Nxd7 Kxh2 38. Kf1 h5 39. e4 h4 40. f4 Kg3 41. e5 h3 42. Kg1 Kxf4 43. e6 g5 44. e7 g4 45. e8=Q g3 46. Qb8+ Kf3 47. Qb7+ Kf4 48. Nxf6 g2 49. Nh5+ Kg4 50. Qe4+ Kxh5 51. Qf4 b4 52. Qg3 Kh6 53. Qxh3+ Kg5 54. Qxg2+ Kf4 55. Kf2 a4 56. bxa4 Ke5 57. Ke3 Kd6 58. Kd4 Ke6 59. Qg6+ Ke7 60. Ke5 b3 61. axb3 Kd7 62. Qd6+ Kc8 63. Qc6+ Kb8 64. Qd7 Ka8 65. Kd6 Kb8 66. Kc6 Ka8 67. Qb7# 1-0

[Event "IIFL Wealth  4th Mumbai Junior U-13"]
[Site "Mumbai"]
[Date "2019.01.01"]
[Round "3"]
[White "Adireddy Tarun"]
[Black "Medhansh Rathi"]
[Result "1-0"]
[ECO "D85"]
[WhiteElo "1553"]
[BlackElo "1194"]
[Annotator "NA RC"]
[PlyCount "107"]
[EventDate "2018.12.30"]
[EventType "swiss"]
[EventCountry "IND"]
[SourceTitle "playchess.com"]
[Source "ChessBase"]
[SourceQuality "1"]
[TimeControl "40/5400+30:1800+30"]

1. d4 Nf6 2. c4 g6 3. Nc3 d5 4. cxd5 Nxd5 5. e4 Nxc3 6. bxc3 Bg7 7. Bg5 c5 8. Rc1 cxd4 9. cxd4 O-O 10. Nf3 Bg4 11. d5 h6 12. Bd2 e6 13. Bb4 Re8 14. Bb5 Nd7 15. O-O a6 16. Be2 exd5 17. exd5 Nf6 18. h3 Bf5 19. d6 Bf8 20. Nh4 Bd7 21. Re1 Ne4 22. Nf3 Bc6 23. Nd4 Bd7 24. Bf3 Nxd6 25. Bxd6 Bxd6 26. Bxb7 Rb8 27. Rxe8+ Qxe8 28. Bxa6 Ba4 29. Qd3 Qe5 30. Nf3 Qf4 31. Rc4 Qf6 32. g3 Bd7 33. Rd4 Rb6 34. Kg2 Bf5 35. Qc4 Rb4 36. Qd5 Rxd4 37. Qxd4 Qe6 38. g4 Be4 39. Bc4 Bxf3+ 40. Kxf3 Qd7 41. Qe4 Qd8 42. Qxg6+ Kh8 43. Qxh6+ Kg8 44. Qg6+ Kh8 45. Qh5+ Kg8 46. Bxf7+ Kg7 47. Qg6+ Kf8 48. Qg8+ Ke7 49. Qxd8+ Kxd8 50. g5 Ke7 51. Bb3 Ba3 52. Kg4 Kf8 53. h4 Kg7 54. f4 1-0

[Event "IIFL Wealth  4th Mumbai Junior U-13"]
[Site "Mumbai"]
[Date "2019.01.01"]
[Round "3"]
[White "Bajaj Prakhar"]
[Black "Pranesh M"]
[Result "0-1"]
[ECO "D02"]
[WhiteElo "1551"]
[BlackElo "2125"]
[Annotator "ChessBase"]
[PlyCount "22"]
[EventDate "2018.12.30"]
[EventType "swiss"]
[EventCountry "IND"]
[SourceTitle "playchess.com"]
[Source "ChessBase"]
[SourceQuality "1"]
[TimeControl "40/5400+30:1800+30"]

1. d4 d5 2. Nf3 Nf6 3. Bf4 e6 4. e3 Bd6 5. Bg3 c5 6. c3 Nc6 7. Nbd2 O-O 8. Bd3 Qe7 9. Ne5 Bxe5 10. dxe5 Nd7 11. O-O b6 0-1

[Event "IIFL Wealth  4th Mumbai Junior U-13"]
[Site "Mumbai"]
[Date "2019.01.01"]
[Round "3"]
[White "Mahi Amit Doshi"]
[Black "Gosrani, Reeyan"]
[Result "1-0"]
[ECO "D00"]
[WhiteElo "1551"]
[BlackElo "1190"]
[Annotator "NA RC"]
[PlyCount "38"]
[EventDate "2018.12.30"]
[EventType "swiss"]
[EventCountry "IND"]
[SourceTitle "playchess.com"]
[Source "ChessBase"]
[SourceQuality "1"]
[TimeControl "40/5400+30:1800+30"]

1. d4 d5 2. Bf4 Nf6 3. e3 a6 4. Nf3 e6 5. Bd3 h6 6. h3 Bd6 7. Bxd6 Qxd6 8. O-O O-O 9. c4 dxc4 10. Bxc4 b5 11. Bd3 Bb7 12. Nc3 Nbd7 13. Rc1 c5 14. dxc5 Nxc5 15. Bh7+ Kxh7 16. Qxd6 Ncd7 17. Ne5 Rad8 18. Nxd7 Rxd7 19. Qxf8 Rc7 1-0

[Event "IIFL Wealth  4th Mumbai Junior U-13"]
[Site "Mumbai"]
[Date "2019.01.01"]
[Round "3"]
[White "Jain Adi"]
[Black "Kadam Om Manish"]
[Result "0-1"]
[ECO "A13"]
[WhiteElo "1545"]
[BlackElo "1944"]
[Annotator "NA RC"]
[PlyCount "74"]
[EventDate "2018.12.30"]
[EventType "swiss"]
[EventCountry "IND"]
[SourceTitle "playchess.com"]
[Source "ChessBase"]
[SourceQuality "1"]
[TimeControl "40/5400+30:1800+30"]

1. Nf3 d5 2. c4 e6 3. g3 Nf6 4. Bg2 Be7 5. d4 O-O 6. O-O dxc4 7. Qc2 a6 8. Qxc4 b5 9. Qc2 Bb7 10. Bf4 Nd5 11. Bd2 Nd7 {[%emt 0:01:25] LiveBook: 16 Games E05: Open Catalan: 5 Nf3 Be7} 12. a3 (12. Ba5 Qc8 13. Rc1 c5 14. Qd1 Qb8 15. Nbd2 Rc8 16. e3 N5f6 17. Qe2 cxd4 18. Nxd4 Bxg2 19. Kxg2 {½-½ (50) Zanan,E (2482)-Deutsch,E (2350) Israel 2018}) 12... c5 13. Nc3 Rc8 14. Qd1 $146 ({Predecessor:} 14. Rfc1 Nxc3 15. Qxc3 Bf6 16. Qd3 Bxf3 17. Qxf3 Bxd4 18. Bc3 Bxc3 19. Rxc3 {0-1 (48) Khanov,V-Selin,O (2281) Donskoj 2000}) 14... Bf6 15. Nxd5 Bxd5 16. Bc3 Nb6 17. Ba5 cxd4 18. Rc1 Rxc1 19. Qxc1 {[%emt 0:00:32] [#]} Qb8 $1 20. Rd1 (20. Bxb6 $17 {is a better defense.} Qxb6 21. Qc2) 20... Rc8 21. Qb1 {[%emt 0:01:06] [#]} Nc4 $1 22. Be1 {[%emt 0:01:41] [#]} d3 $1 23. exd3 Nxb2 24. Rd2 Na4 25. Rc2 Nc5 26. Qc1 Bxf3 27. Bxf3 Bd4 28. Bd2 {[%emt 0:11:52] [#]} (28. Bb4 $17 {was necessary.} Qd6 29. Kg2) 28... Bxf2+ $1 29. Kf1 Bd4 30. Bb4 Qb6 31. Bc3 Nd7 ({But not} 31... Nxd3 $2 32. Bxd4 Rxc2 33. Qxc2 $18 (33. Bxb6 $2 {loses.} Nxc1 34. Bb7 Rc3 $19)) 32. Bxd4 Rxc2 33. Qxc2 Qxd4 34. Qc8+ Nf8 35. Qxa6 Qa1+ 36. Kf2 {[%emt 0:00:16] [#]} b4 $19 37. Bd1 bxa3 0-1

[Event "IIFL Wealth  4th Mumbai Junior U-13"]
[Site "Mumbai"]
[Date "2019.01.01"]
[Round "3"]
[White "Kshatriya Nitin Vekhande"]
[Black "Aarna Chugh"]
[Result "1-0"]
[ECO "B41"]
[WhiteElo "1544"]
[BlackElo "1164"]
[Annotator "NA RC"]
[PlyCount "127"]
[EventDate "2018.12.30"]
[EventType "swiss"]
[EventCountry "IND"]
[SourceTitle "playchess.com"]
[Source "ChessBase"]
[SourceQuality "1"]
[TimeControl "40/5400+30:1800+30"]

1. e4 c5 2. Nf3 e6 3. d4 cxd4 4. Nxd4 a6 5. Be2 Qc7 6. Be3 Nf6 7. f3 d6 8. c4 b6 9. Nc3 Bb7 10. O-O g6 11. Kh1 Bg7 12. Rc1 Nbd7 13. Qd2 O-O 14. Bh6 Rac8 15. Bxg7 Kxg7 16. b3 Ne5 17. f4 Ned7 18. Bf3 Nc5 19. Rce1 Rfd8 20. f5 exf5 21. Nxf5+ Kh8 22. Qd4 Ncd7 23. Nxd6 Rf8 24. Nxc8 Bxc8 25. e5 Ng8 26. e6+ Ndf6 27. Nd5 Qd6 28. exf7 Rxf7 29. Qxb6 Qxb6 30. Nxb6 Bf5 31. g4 Bd3 32. Be2 Be4+ 33. Bf3 Bd3 34. Bd5 Bxf1 35. Bxf7 Bh3 36. Bxg8 Kxg8 37. c5 Bxg4 38. Re3 Kf7 39. c6 g5 40. c7 Ne8 41. c8=Q Bxc8 42. Nxc8 h5 43. Re5 Nf6 44. Rxg5 Ne4 45. Rxh5 Ke6 46. Rh6+ Ke5 47. Rxa6 Kf4 48. Ra4 Kf3 49. Rxe4 Kxe4 50. a4 Kd5 51. a5 Kc6 52. b4 Kb5 53. h4 Ka6 54. h5 Kb7 55. h6 Kxc8 56. h7 Kb7 57. h8=Q Ka6 58. Qd4 Kb7 59. Qc5 Ka8 60. a6 Kb8 61. Qb6+ Kc8 62. Qb7+ Kd8 63. a7 Ke8 64. a8=Q# 1-0

[Event "IIFL Wealth  4th Mumbai Junior U-13"]
[Site "Mumbai"]
[Date "2019.01.01"]
[Round "3"]
[White "Dhanvij Ansh"]
[Black "Zia, Tahsin Tajwar"]
[Result "1-0"]
[ECO "D39"]
[WhiteElo "1523"]
[BlackElo "1925"]
[Annotator "NA RC"]
[PlyCount "127"]
[EventDate "2018.12.30"]
[EventType "swiss"]
[EventCountry "IND"]
[SourceTitle "playchess.com"]
[Source "ChessBase"]
[SourceQuality "1"]
[TimeControl "40/5400+30:1800+30"]

1. d4 d5 2. c4 e6 3. Nc3 Bb4 4. Nf3 Nf6 5. Bg5 dxc4 6. e4 b5 7. a4 c6 8. e5 h6 9. exf6 hxg5 10. fxg7 Rg8 11. g3 Bb7 {[%emt 0:04:45] D44: Semi-Slav: Botvinnik System} 12. Bg2 $1 {[%emt 0:01:13] LiveBook: 46 Games} Rxg7 (12... c5 13. O-O g4 14. axb5 gxf3 15. Bxf3 Bxf3 16. Qxf3 Nd7 17. dxc5 Bxc3 18. bxc3 Nxc5 19. Rfd1 Qc8 20. Rd6 Qb7 21. Qh5 Rc8 22. Rc6 Nd3 23. Rxc8+ Qxc8 24. Rxa7 {1-0 (24) Kramnik,V (2766)-Carlsen,M (2690) Monte Carlo 2007}) 13. Ne5 Qb6 14. O-O a6 15. Ne4 Nd7 $146 ({Predecessor:} 15... Be7 16. Qh5 Nd7 17. Qh8+ Bf8 18. Nd6+ Ke7 19. axb5 Nxe5 20. dxe5 {1-0 (27) Gulkov,I (2355)-Nakhapetiane,P (2144) Serpukhov 2003}) 16. Qh5 Nxe5 (16... Ke7 $142 17. Nxg5 Qxd4 18. Nexf7 Qf6) 17. dxe5 (17. Qh8+ $18 {is the precise move to win.} Bf8 18. Nd6+ (18. dxe5 O-O-O $16) 18... Kd7 19. dxe5) 17... O-O-O 18. Nxg5 Qc7 19. Rfd1 Rdg8 20. Ne4 Be7 21. axb5 axb5 22. Nd6+ Bxd6 23. exd6 Qd7 24. Qc5 f5 25. Ra7 Rd8 {[%emt 0:02:49] [#]} 26. Bxc6 $2 (26. Rxb7 $1 Qxb7 (26... Kxb7 27. Ra1) 27. Ra1 Rxd6 28. Qxd6) 26... Qxc6 27. Qxc6+ Bxc6 28. Rxg7 Bd5 29. Rc7+ Kb8 30. Rc5 Rxd6 31. Rxb5+ Kc7 32. Rc5+ Kd7 33. h4 Ke7 34. Rc7+ Kf6 35. Rxc4 Rb6 36. Rc8 Rxb2 37. Rc5 Bf3 38. Re1 Rb6 39. Rc3 Bd5 40. f3 Rb4 41. Kf2 Rb2+ 42. Re2 Rb4 43. Rd2 Rb1 44. Rc5 Ke5 (44... Rb3 {was worth a try.} 45. Rdxd5 exd5 46. Rxd5 Rb2+ 47. Ke3 Rc2) 45. f4+ Kd6 (45... Kf6 $142 46. Rc3 Ra1) 46. Rc8 Kd7 47. Rg8 Rb3 48. h5 Rb1 49. h6 Rh1 50. Rg7+ Kd6 51. h7 Kc5 52. Rc2+ Kd4 53. Rc8 $18 Rh2+ 54. Ke1 Rh1+ 55. Kd2 Rh2+ 56. Kc1 Rh1+ 57. Kb2 Rh2+ 58. Ka3 Ra2+ 59. Kb4 Rb2+ 60. Ka5 Ra2+ 61. Kb6 Rb2+ 62. Kc7 Rb7+ 63. Kd8 Rxg7 64. h8=Q 1-0